 Dungeon Crawl Stone Soup version 0.30.1-4-g462c640d31 (webtiles) character file.

Game seed: 11413460909544883478

2697 Bobit the Nimble (level 9, -2/84 (102) HPs)
             Began as a Gnoll Wanderer on Aug 21, 2023.
             Was an Initiate of Wu Jian.
             Slain by a wight
             ... wielding a +0 halberd
              (13 damage)
             ... on level 8 of the Dungeon.
             The game lasted 00:26:24 (8397 turns).

Bobit the Nimble (Gnoll Wanderer)                   Turns: 8397, Time: 00:26:25

HP:   -2/84 (102)   AC: 24    Str: 13    XL:     9   Next: 65%
MP:   26/26         EV:  2    Int: 12    God:    Wu Jian [......]
Gold: 1626          SH:  0    Dex: 14    Spells: 9/19 levels left

rFire   . . .        g - +7 mace of Division {drain, Contam +Blink rPois MP+9}
rCold   . . .        (no shield)
rNeg    . . .        l - melded +3 scale mail
rPois   +            o - melded +1 helmet
rElec   .            (cloak currently unavailable)
rCorr   .            (gloves currently unavailable)
SInv    .            (boots currently unavailable)
Will    .....        w - amulet of magic regeneration
Stlth   +++          (no ring)
HPRegen 0.34/turn    (no ring)
MPRegen 0.60/turn

%: no passive effects
@: tree-form, heavily drained
A: stationary, stasis, torment immunity, boosted hp, (fangs 1), strong nose,
distributed training
a: Renounce Religion, Evoke Blink


You were on level 8 of the Dungeon.
You worshipped Wu Jian.
Wu Jian was noncommittal.
You were a tree.
You visited 2 branches of the dungeon, and saw 9 of its levels.

You collected 1626 gold pieces.

Inventory:

Hand Weapons
 a - a +0 club
 g - the +7 mace of Division (weapon) {drain, Contam +Blink rPois MP+9}
   (You found it on level 6 of the Dungeon)

   rPois:     It protects you from poison.
   MP:        It affects your magic capacity (+9).
   +Blink:    It lets you blink.
   Contam:    It causes magical contamination when unequipped.
 p - a +1 whip of venom
 x - a +0 dagger of protection
Missiles
 b - 2 throwing nets (quivered)
Armour
 e - a +0 leather armour
 l - a +3 scale mail (melded)
 o - a +1 helmet (melded)
 s - a +0 plate armour
Magical Staves
 D - the staff of poison "Logoudgh" {*Slow rPois Will+ Str+4 Int+2}
   (You found it on level 8 of the Dungeon)

   [staff of poison]

   Base accuracy: +5 Base damage: 5 Base attack delay: 1.2 This weapon's minimum
   attack delay (0.6) is reached at skill level 12.
   Str:       It affects your strength (+4).
   Int:       It affects your intelligence (+2).
   rPois:     It protects you from poison.
   *Slow:     It may slow you when you take damage.
   Will:      It increases your willpower.
   It falls into the 'Staves' category.
   It is a one-handed weapon.
Jewellery
 w - an amulet of magic regeneration (around neck)
Wands
 n - a wand of roots (7)
 y - a wand of digging (9)
Scrolls
 d - 5 scrolls of teleportation
 f - 3 scrolls of blinking
 h - 3 scrolls of enchant armour
 i - a scroll of torment {unknown}
 j - a scroll of butterflies
 u - a scroll of immolation {unknown}
 v - a scroll of vulnerability
 C - a scroll of amnesia {unknown}
Potions
 c - a potion of attraction
 k - 2 potions of degeneration {unknown}
 m - a potion of curing
 r - a potion of resistance
 t - 2 potions of ambrosia
 z - 2 potions of magic {unknown}
 A - 2 potions of cancellation {unknown}
 B - a potion of haste {unknown}


   Skills:
 + Level 5.3 Fighting
 + Level 4.6 Short Blades
 + Level 4.6 Long Blades
 + Level 4.6 Axes
 + Level 4.6 Maces & Flails
 + Level 4.6 Polearms
 + Level 4.6 Staves
 + Level 4.6 Ranged Weapons
 + Level 4.6 Throwing
 + Level 4.6 Armour
 + Level 9.7 Dodging
 + Level 4.6 Stealth
 + Level 4.6 Shields
 + Level 4.6 Unarmed Combat
 + Level 5.5 Spellcasting
 + Level 3.8 Conjurations
 + Level 3.8 Hexes
 + Level 3.8 Summonings
 + Level 3.8 Necromancy
 + Level 5.4 Translocations
 + Level 3.8 Transmutations
 + Level 3.8 Fire Magic
 + Level 3.8 Ice Magic
 + Level 3.8 Air Magic
 + Level 3.8 Earth Magic
 + Level 3.8 Poison Magic
 + Level 5.1 Invocations
 + Level 6.6 Evocations


You had 9 spell levels left.
You knew the following spells:

 Your Spells              Type           Power      Damage    Failure   Level
a - Apportation           Tloc           32%        N/A       1%          1
b - Blink                 Tloc           32%        N/A       3%          2
c - Volatile Blastmotes   Fire/Tloc      28%        2d12      9%          3
d - Manifold Assault      Tloc           16%        N/A       21%         4

Your spell library contained the following spells:

 Spells                   Type           Power      Damage    Failure   Level
 Freeze                   Ice            48%        1d6       4%          1
 Sublimation of Blood     Necr           12%        N/A       6%          2
 Frozen Ramparts          Ice            24%        1d4       12%         3
 Hailstorm                Conj/Ice       12%        3d5       12%         3
 Petrify                  Tmut/Erth      12%        N/A       36%         4
 Summon Forest            Summ/Tloc      7%         N/A       61%         5
 Alistair's Intoxication  Tmut/Pois      8%         N/A       73%         5
 Irradiate                Conj/Tmut      6%         3d13      73%         5
 Summon Mana Viper        Hex/Summ       12%        N/A       73%         5
 Summon Cactus Giant      Summ           6%         N/A       99%         6
 Storm Form               Tmut/Air       6%         N/A       100%        7


Dungeon Overview and Level Annotations

Branches:
Dungeon (8/15)             Temple (1/1) D:7
   Lair: D:8-11

Altars:
Ashenzari
Cheibriados
Dithmenos
Elyvilon
Gozag
Hepliaklqana
Kikubaaqudgha
Makhleb
Nemelex Xobeh
Ru
Sif Muna
Trog
Vehumet
Wu Jian
Xom
Yredelemnul
Zin
The Shining One

Shops:
D:8 (

Annotations:
D:3 1 transporter, leafyfresh's ghost, amateur MfTm
D:4 2 transporters, Menkaure


Innate Abilities, Weirdness & Mutations

You are a tree.
Your roots penetrate the ground, keeping you stationary.
You cannot be teleported.
You are immune to unholy pain and torment.
Your maximum health is greatly increased.
Your equipment is partially melded.
((You have very sharp teeth.))
Your uncanny sense of smell can sniff out nearby items.
Your experience applies equally to all skills.


Message History

You hit the wight but do no damage. You bite the wight, but do no damage.
The wight hits you with a +4 flail of freezing.
You feel drained. The wight freezes you. The wight barely misses you.
The wight closely misses you.
The wight hits you with a +4 flail of freezing!
You feel drained. The wight freezes you.
You closely miss the wight. The wight misses you. The wight barely misses you.
You hit the wight.
The wight is moderately damaged.
The wight hits you with a +4 flail of freezing!
You feel drained. The wight freezes you. The wight misses you.
Things that are here:
a +3 hand axe; a +0 robe You hit the wight.
The wight is moderately damaged.
The wight hits you with a +4 flail of freezing.
The wight freezes you. The wight completely misses you.
You barely miss the wight.
The wight is moderately damaged.
The wight closely misses you. The wight hits you but does no damage.
You hit the wight. You bite the wight, but do no damage.
The wight is heavily damaged.
The wight misses you. x2
You completely miss the wight.
The wight is heavily damaged.
The wight barely misses you.
The wight hits you from afar with a +0 halberd!
* * * LOW HITPOINT WARNING * * *
You feel drained.
* * * LOW HITPOINT WARNING * * *
The wight misses you. The wight closely misses you.
You turn into a tree.
Your +1 helmet melds into your body.
Your +3 scale mail melds into your body.
Your roots penetrate the ground.
The wight barely misses you. The wight hits you but does no damage.
You completely miss the wight.
The wight is heavily damaged.
The wight hits you but does no damage.
The wight hits you from afar with a +0 halberd!
You die...

## .. ##. ... #.#
#..###### #######
#.zz♣.)####.....#
######.##...'++.#
#.....<+∩'.#
####...+''##
#......#
######....###
#.........#
#..####....# #>.
#....#


You could see 2 wights.

Vanquished Creatures
  A steam dragon (D:6)
  3 vampire mosquitoes (D:6)
  2 acid dragons (D:7)
  A water moccasin (D:6)
  An orc warrior (D:6)
  A sky beast (D:7)
  An ice beast (D:6)
  2 black bears
  3 ogres
  A centaur (D:6)
  A phantom (D:7)
  2 kobold brigands
  A bullfrog (D:6)
  2 scorpions
  A wight (D:8)
  2 hounds (D:5)
  3 jellies (D:6)
  An iguana (D:6)
  4 orc priests
  4 orc wizards
  Robin (D:2)
  A gnoll (D:5)
  3 adders
  2 shadow imps
  2 ufetubi (D:4)
  2 adder skeletons (D:2)
  A dart slug (D:2)
  23 orcs
  2 endoplasms
  13 giant cockroaches
  18 goblins
  12 hobgoblins
  2 jackals
  3 quokkas
  3 ball pythons
  A ball python skeleton (D:2)
  4 bats
  5 frilled lizards
  A jackal zombie (D:2)
  15 kobolds
  A quokka skeleton (D:2)
  3 quokka zombies (D:2)
  3 rats
158 creatures vanquished.

Notes
Turn   | Place    | Note
-------+----------+-------------------------------------------
     0 | D:1      | Bobit the Gnoll Wanderer began the quest for the Orb.
     0 | D:1      | Bobit set off with the following items: a +0 club, 2
                  | throwing nets, a potion of attraction, a scroll of
                  | teleportation, a +0 leather armour; and the following spell
                  | memorised: Apportation; and the following spells available
                  | to memorise: Volatile Blastmotes.
     0 | D:1      | Reached XP level 1. HP: 17/17 MP: 4/4
   335 | D:1      | Reached XP level 2. HP: 18/23 MP: 5/5
  1197 | D:2      | Reached XP level 3. HP: 28/28 MP: 7/7
  1320 | D:2      | Reached skill level 1 in Invocations
  1623 | D:2      | Reached skill level 1 in Short Blades
  1623 | D:2      | Reached skill level 1 in Long Blades
  1623 | D:2      | Reached skill level 1 in Axes
  1623 | D:2      | Reached skill level 1 in Maces & Flails
  1623 | D:2      | Reached skill level 1 in Polearms
  1623 | D:2      | Reached skill level 1 in Staves
  1623 | D:2      | Reached skill level 1 in Ranged Weapons
  1623 | D:2      | Reached skill level 1 in Throwing
  1623 | D:2      | Reached skill level 1 in Armour
  1623 | D:2      | Reached skill level 1 in Stealth
  1623 | D:2      | Reached skill level 1 in Shields
  1623 | D:2      | Reached skill level 1 in Unarmed Combat
  1814 | D:2      | Noticed Robin
  1821 | D:2      | Reached XP level 4. HP: 30/34 MP: 8/8
  2054 | D:2      | Killed Robin
  2302 | D:3      | Reached skill level 1 in Conjurations
  2302 | D:3      | Reached skill level 1 in Hexes
  2302 | D:3      | Reached skill level 1 in Summonings
  2302 | D:3      | Reached skill level 1 in Necromancy
  2302 | D:3      | Reached skill level 1 in Transmutations
  2302 | D:3      | Reached skill level 1 in Fire Magic
  2302 | D:3      | Reached skill level 1 in Ice Magic
  2302 | D:3      | Reached skill level 1 in Air Magic
  2302 | D:3      | Reached skill level 1 in Earth Magic
  2302 | D:3      | Reached skill level 1 in Poison Magic
  2555 | D:3      | Found a transporter.
  2555 | D:3      | Noticed an ogre
  2559 | D:3      | Noticed leafyfresh's ghost (amateur MfTm)
  2568 | D:3      | Noticed an ogre
  3365 | D:3      | Reached XP level 5. HP: 39/40 MP: 9/9
  3535 | D:4      | Found a transporter.
  3642 | D:4      | Identified 2 scrolls of acquirement
  3712 | D:4      | Acquired 1230 gold pieces
  3714 | D:4      | Acquired an Inescapable Atlas
  3719 | D:4      | Learned a level 2 spell: Blink
  3743 | D:4      | Found a transporter.
  3918 | D:4      | Noticed Menkaure
  3944 | D:5      | Entered Level 5 of the Dungeon
  4066 | D:5      | Noticed an ogre
  4091 | D:5      | Reached skill level 5 in Evocations
  4091 | D:5      | Reached XP level 6. HP: 45/47 MP: 9/11
  5040 | D:6      | Reached XP level 7. HP: 52/52 MP: 12/12
  5141 | D:6      | Identified the +7 mace of Division {drain, Contam +Blink
                  | rPois MP+9}
  5266 | D:6      | Noticed a steam dragon
  5281 | D:6      | Killed a steam dragon
  5282 | D:6      | Reached skill level 9 in Dodging
  5444 | D:6      | HP: 2/54 [orc warrior/+0 glaive (15)]
  5445 | D:6      | Reached XP level 8. HP: 3/60 MP: 14/14
  5475 | D:6      | HP: 2/60 [orc warrior/+0 glaive (10)]
  6209 | D:6      | Reached skill level 5 in Translocations
  6214 | D:6      | Reached XP level 9. HP: 15/67 MP: 16/16
  6399 | D:6      | Reached skill level 5 in Spellcasting
  6937 | D:7      | Reached skill level 5 in Fighting
  7081 | D:7      | Found a staircase to the Ecumenical Temple.
  7159 | D:7      | Found a broken altar of Ashenzari.
  7446 | D:7      | Reached skill level 5 in Invocations
  7861 | Temple   | Entered the Ecumenical Temple
  7912 | Temple   | Became a worshipper of the Shining One
  7936 | Temple   | Fell from the grace of the Shining One
  7936 | Temple   | Became a worshipper of the Wu Jian Council
  8296 | D:8      | Identified the staff of poison "Logoudgh" {*Slow rPois
                  | Will+ Str+4 Int+2}
  8299 | D:8      | Found Sozof's Antique Weapon Boutique.
  8308 | D:8      | Learned a level 3 spell: Volatile Blastmotes
  8313 | D:8      | Learned a level 4 spell: Manifold Assault
  8397 | D:8      | Slain by a wight

Illustrated notes

Levels and vault maps discovered:
D:1:      nagdon_arrival_double_spiral, layout_loops_ring, serial_forest,
          infiniplex_forest_straight_2, infiniplex_forest_corner_1,
          infiniplex_forest_clump_small, infiniplex_forest_clump_medium,
          infiniplex_forest_end_2, infiniplex_forest_clump_curved,
          infiniplex_forest_zigzag_1, infiniplex_forest_lined_room_,
          infiniplex_forest_straight_5, infiniplex_forest_clump_cross
D:2:      minmay_roachtagon, layout_loops_corners, serial_undead,
          serial_undead_a, serial_undead_f, serial_undead_f, serial_undead_d,
          serial_undead_f, serial_undead_c, serial_undead_c, uniq_robin
D:3:      layout_loops_corners, gammafunk_ghost_smash
D:4:      gammafunk_steamed_eel, layout_basic, hangedman_abyss_or_decor_stagger,
          uniq_menkaure
D:5:      minmay_goblin_kobold_castle, layout_loops_cross, portal_sewer_entry_f,
          grunt_ministairs_2, chequers_serial_rivers_large_a, uniq_sigmund
D:6:      layout_basic
D:7:      cheibrodos_two_vegetables, layout_rooms,
          mainiacjoe_overflow_concentric_impassable,
          minmay_temple_entry_gardened_gates
D:8:      layout_rooms, fedhas_bush_and_centaur_altar, serial_shops,
          nicolae_shop_tiny_real_fake_doors, uniq_joseph
Temple:   sentei_temple_godly_chess

Skill      XL: |  1  2  3  4  5  6  7  8  9 |
---------------+----------------------------+-----
Invocations    | 1 2 3 4 5 |  5.1
Short Blades   | 1 2 3 4 |  4.6
Long Blades    | 1 2 3 4 |  4.6
Axes           | 1 2 3 4 |  4.6
Maces & Flails | 1 2 3 4 |  4.6
Polearms       | 1 2 3 4 |  4.6
Staves         | 1 2 3 4 |  4.6
Ranged Weapons | 1 2 3 4 |  4.6
Throwing       | 1 2 3 4 |  4.6
Armour         | 1 2 3 4 |  4.6
Stealth        | 1 2 3 4 |  4.6
Shields        | 1 2 3 4 |  4.6
Unarmed Combat | 1 2 3 4 |  4.6
Spellcasting   | 3 4 5 |  5.5
Conjurations   | 1 2 3 |  3.8
Hexes          | 1 2 3 |  3.8
Summonings     | 1 2 3 |  3.8
Necromancy     | 1 2 3 |  3.8
Transmutations | 1 2 3 |  3.8
Fire Magic     | 1 2 3 |  3.8
Ice Magic      | 1 2 3 |  3.8
Air Magic      | 1 2 3 |  3.8
Earth Magic    | 1 2 3 |  3.8
Poison Magic   | 1 2 3 |  3.8
Fighting       | 3 4 5 |  5.3
Translocations | 4 5 |  5.4
Evocations     | 5 6 |  6.6
Dodging        | 9 |  9.7

Action                     |  1- 3 |  4- 6 |  7- 9 || total
---------------------------+-------+-------+-------++-------
  Melee: Club              |   251 |    53 |       ||   304
         Bite              |    30 |    26 |    19 ||    75
         Punch             |     2 |     6 |     5 ||    13
         Whip              |       |   196 |    19 ||   215
         Mace              |       |       |   180 ||   180
   Cast: Blink             |       |     5 |     4 ||     9
    Use: Scroll            |     1 |     8 |     5 ||    14
         Potion            |       |     1 |     7 ||     8
 Armour: Leather armour    |    24 |       |       ||    24
         Scale mail        |   136 |   188 |   147 ||   471
         Skin              |       |       |     2 ||     2
  Dodge: Dodged            |   187 |   225 |   198 ||   610
